 Dungeon Crawl Stone Soup version 0.30-a0-859-gf88a04b62d (webtiles) character file.

Game seed: 16922867228871074375

7360 Newt the Fighter (level 10, -1/80 HPs)
             Began as a Demonspawn Gladiator on Mar 6, 2023.
             Was a High Priest of Okawaru.
             Slain by an ice beast (6 damage)
             ... summoned by Fannar
             ... on level 10 of the Dungeon.
             The game lasted 00:15:28 (10277 turns).

Newt the Fighter (Demonspawn Gladiator)            Turns: 10277, Time: 00:15:28

Health: -1/80      AC: 25    Str: 19    XL:     10   Next: 91%
Magic:  16/16      EV:  3    Int: 10    God:    Okawaru [*****.]
Gold:   744        SH:  4    Dex: 14    Spells: 9/9 levels left

rFire   . . .      SeeInvis +    e - +2 spear (venom)
rCold   . . .      Faith    .    N - orb {light}
rNeg    . . .      Spirit   .    M - +2 crystal plate armour
rPois   .          Reflect  .    (helmet restricted)
rElec   .          Rampage  .    (no cloak)
rCorr   .                        r - +0 pair of gloves
Will    .....                    (no boots)
Stlth   x                          - amulet of regeneration
HPRegen 1.13/turn                E - +4 ring of protection
MPRegen 0.15/turn                w - ring of see invisible

@: glowing
A: antennae 2, foul stench 2, condensation shield, demonic touch 1
a: Renounce Religion, Heroism, Finesse, Duel


You were on level 10 of the Dungeon.
You worshipped Okawaru.
Okawaru was extremely pleased with you.
You visited 2 branches of the dungeon, and saw 11 of its levels.
You also visited: Bailey.

You collected 768 gold pieces.
You spent 24 gold pieces at shops.

Inventory:

Hand Weapons
 a - a +0 rapier of protection
 e - a +2 spear of venom (weapon)
 n - a +3 glaive
Missiles
 d - 2 throwing nets (quivered)
 h - 31 poisoned darts
 t - 3 javelins
 z - 6 atropa-tipped darts
 O - a curare-tipped dart
 R - a boomerang
Armour
 b - a +1 leather armour
 c - a +0 helmet
 p - a +2 helmet
 r - a +0 pair of gloves (worn)
 I - a +3 leather armour of fire resistance
 L - a +1 leather armour of cold resistance
 M - a +2 crystal plate armour (worn)
 N - an orb of light (worn)
Jewellery
 m - a ring of willpower
 w - a ring of see invisible (right hand)
 x - an amulet of regeneration (around neck)
 E - a +4 ring of protection (left hand)
 F - a ring of ice
Wands
 o - a wand of flame (22)
 y - a wand of mindburst (8)
 A - a wand of roots (7)
 D - a wand of polymorph (7)
Scrolls
 l - a scroll of amnesia {unknown}
 v - a scroll of enchant armour
 B - a scroll of fear
 G - 3 scrolls of teleportation
 J - a scroll of summoning
 P - a scroll of magic mapping
 Q - 2 scrolls of poison
 S - a scroll of enchant weapon {unknown}
Potions
 f - a potion of flight
 g - 2 potions of might
 i - a potion of ambrosia
 j - a potion of berserk rage
 k - 2 potions of brilliance
 q - 3 potions of lignification
 s - 3 potions of degeneration
 u - 3 potions of mutation
 C - a potion of attraction
 H - 2 potions of haste {unknown}
 K - a potion of resistance


   Skills:
 - Level 8.0 Fighting
 - Level 6.0 Short Blades
 + Level 4.0 Polearms
 - Level 6.0 Throwing
 - Level 6.0 Armour
 - Level 4.0 Dodging
 - Level 8.0 Invocations
 - Level 6.0 Evocations


You had 9 spell levels left.
You didn't know any spells.
Your spell library contained the following spells:

 Spells                   Type           Power      Damage    Failure   Level
 Beastly Appendage        Tmut           0%         N/A       100%        1
 Kiss of Death            Conj/Necr      0%         2d5       100%        1
 Sting                    Tmut/Pois      0%         1d3       100%        1
 Poisonous Vapours        Pois/Air       0%         N/A       100%        2
 Scorch                   Fire           0%         2d5       100%        2
 Wereblood                Tmut           0%         N/A       100%        2
 Confusing Touch          Hex            0%         N/A       100%        3
 Spider Form              Tmut/Pois      0%         N/A       100%        3
 Dispel Undead            Necr           0%         3d6       100%        4
 Flame Wave               Conj/Fire      0%         2d4       100%        4
 Olgreb's Toxic Radiance  Pois           0%         N/A       100%        4
 Blade Hands              Tmut           0%         N/A       100%        5
 Irradiate                Conj/Tmut      0%         3d11      100%        5
 Dragon Form              Tmut           0%         N/A       100%        7
 Summon Cactus Giant      Summ           Unusable   N/A       N/A         6
 Malign Gateway           Summ/Tloc      Unusable   N/A       N/A         7
 Summon Horrible Things   Summ           Unusable   N/A       N/A         8

Dungeon Overview and Level Annotations

Branches:
Dungeon (10/15)            Temple (1/1) D:4          Bailey (visited)
   Lair: D:8-11         Orc: D:9-12

Altars:
Ashenzari
Cheibriados
Dithmenos
Fedhas
Gozag
Hepliaklqana
Kikubaaqudgha
Makhleb
Nemelex Xobeh
Okawaru
Qazlal
Ru
Sif Muna
Uskayaw
Vehumet
Wu Jian
Xom
Yredelemnul

Shops:
D:7 !   D:9 ?

Annotations:
D:10 Fannar


Innate Abilities, Weirdness & Mutations

You have a pair of antennae on your head.
You sometimes emit foul miasma when damaged in melee.
A meltable shield of frost defends you. (SH +4)
Your touch may inflict minor irresistible damage on your foes.


Message History

An acid dragon comes into view.
The ice beast hits you but does no damage.
You hit Fannar but do no damage.
Fannar looks as sick as possible!
Fannar is moderately wounded.
Fannar hits you with a staff of cold. Fannar freezes you.
You emit a cloud of foul miasma!
The acid dragon spits acid at you. The splash of acid hits you!!
* * * LOW HITPOINT WARNING * * *
The ice beast hits you but does no damage.
Fannar is engulfed in dark miasma.
Fannar looks as sick as possible!
Fannar gestures wildly while chanting.
The ice beast attacks as you move away! You block the ice beast's attack.
Fannar is engulfed in dark miasma.
Fannar looks as sick as possible!
The acid dragon spits acid at you. You block the splash of acid.
Aiming: Mindburst
Press: ? - help, Shift-Dir - straight line, f/p - Fannar
Aim: Fannar, wielding a staff of cold and wearing a +1 robe of cold resistance (heavily wounded, extremely poisoned, haloed, chance to affect: 36%) Fannar easily resists.
The ice beast hits you but does no damage.
Aiming: Throw Flame
Press: ? - help, Shift-Dir - straight line, f/p - Fannar
Aim: Fannar, wielding a staff of cold and wearing a +1 robe of cold resistance (heavily wounded, extremely poisoned, haloed, 70% to hit)
The puff of flame hits Fannar.
Fannar is severely wounded.
Fannar hits you but does no damage. Fannar freezes you.
* * * LOW HITPOINT WARNING * * *
Unknown command.
Aiming: Throw Flame
Press: ? - help, Shift-Dir - straight line, f/p - Fannar
Aim: Fannar, wielding a staff of cold and wearing a +1 robe of cold resistance (severely wounded, extremely poisoned, haloed, 70% to hit)
The puff of flame hits Fannar!
Fannar is severely wounded.
Fannar hits you but does no damage. Fannar freezes you!
* * * LOW HITPOINT WARNING * * *
The ice beast hits you.
* * * LOW HITPOINT WARNING * * *
The ice beast freezes you.
You die...

......†.......#
..######..>...####
#..........
#.○.....?..
#..........
#..........
#.D........
#Ye..##### #@Y..#
#....#
.#+####....#
...........#
...........# .
##+#####...# ..
#...# ...
#...######....
#.............


You could see Fannar (extremely poisoned), an acid dragon and 2 ice beasts.

Vanquished Creatures
  An orc knight (Bailey)
  A deep elf pyromancer (Bailey)
  A kobold demonologist (D:9)
  Prince Ribbit (D:9)
  Grinder (D:6)
  A wyvern (D:8)
  12 yaks
  2 steam dragons
  A water moccasin (D:6)
  3 ice beasts
  A black bear (D:7)
  3 sky beasts
  7 orc warriors
  4 ogres
  A centaur (D:9)
  2 phantoms
  2 kobold brigands
  3 bullfrogs
  A gnoll sergeant (D:9)
  2 scorpions
  4 wights (D:9)
  9 howler monkeys
  2 jellies (D:6)
  A hound (D:4)
  2 orc priests
  A sleepcap (D:5)
  A gnoll bouda (D:6)
  3 iguanas
  3 orc wizards
  12 gnolls
  7 adders
  A shadow imp (D:7)
  A white imp (D:5)
  An ufetubus (D:6)
  4 worms
  57 orcs
  4 ball pythons
  5 endoplasms
  6 giant cockroaches
  11 goblins
  8 hobgoblins
  A jackal (D:2)
  12 kobolds
  A quokka (D:3)
  A bat (D:2)
  3 frilled lizards
  8 rats
219 creatures vanquished.

Vanquished Creatures (others)
  A plant (D:6)
1 creature vanquished.

Grand Total: 220 creatures vanquished

Notes
Turn   | Place    | Note
-------+----------+-------------------------------------------
     0 | D:1      | Newt the Demonspawn Gladiator began the quest for the Orb.
     0 | D:1      | Reached XP level 1. HP: 16/16 MP: 1/1
   234 | D:1      | Gained mutation: You may rarely emit foul miasma when
                  | damaged in melee. [demonic ancestry]
   234 | D:1      | Reached XP level 2. HP: 21/23 MP: 2/2
  1603 | D:2      | Gained mutation: You sometimes emit foul miasma when
                  | damaged in melee. [demonic ancestry]
  1603 | D:2      | Reached XP level 3. HP: 27/30 MP: 3/3
  1616 | D:2      | Found a shimmering altar of Xom.
  2021 | D:2      | Reached XP level 4. HP: 37/38 MP: 4/4
  2575 | D:3      | Noticed an ice beast
  2588 | D:3      | Killed an ice beast
  2589 | D:3      | Reached skill level 5 in Fighting
  2589 | D:3      | Reached XP level 5. HP: 16/44 MP: 5/5
  3488 | D:4      | Found a staircase to the Ecumenical Temple.
  3496 | Temple   | Entered the Ecumenical Temple
  3664 | Temple   | Became a worshipper of Warmaster Okawaru
  4152 | D:4      | Found a shadowy altar of Dithmenos.
  4408 | D:4      | Reached XP level 6. HP: 33/51 MP: 6/6
  4757 | D:5      | Entered Level 5 of the Dungeon
  5661 | D:6      | Reached * piety under Okawaru
  5662 | D:6      | Discovered your monstrous ancestry.
  5662 | D:6      | Gained mutation: You have a pair of small antennae on your
                  | head. [demonic ancestry]
  5662 | D:6      | Reached XP level 7. HP: 56/56 MP: 7/7
  5780 | D:6      | Reached skill level 5 in Throwing
  6307 | D:6      | Reached skill level 1 in Armour
  6377 | D:6      | Gained mutation: You have a pair of antennae on your head.
                  | [demonic ancestry]
  6377 | D:6      | Reached XP level 8. HP: 62/62 MP: 8/8
  6521 | D:6      | Reached ** piety under Okawaru
  6627 | D:6      | Noticed Grinder
  6642 | D:6      | Paralysed by Grinder for 4 turns
  6646 | D:6      | Killed Grinder
  6794 | D:7      | Found Kyopiud's Distillery.
  7032 | D:7      | Found an ancient bone altar of Kikubaaqudgha.
  7129 | D:7      | Found a flagged portal.
  7133 | D:7      | Reached *** piety under Okawaru
  7134 | D:7      | Reached skill level 5 in Evocations
  7185 | Bailey   | Entered a bailey
  7323 | Bailey   | Noticed an orc knight
  7347 | Bailey   | Killed an orc knight
  7348 | Bailey   | Reached skill level 5 in Short Blades
  7348 | Bailey   | Gained mutation: Your touch may inflict minor irresistible
                  | damage on your foes. [demonic ancestry]
  7348 | Bailey   | Reached XP level 9. HP: 30/68 MP: 9/9
  7379 | Bailey   | Reached **** piety under Okawaru
  7438 | Bailey   | Received a gift from Okawaru
  7688 | Bailey   | Found a large runed translucent door.
  7688 | Bailey   | Found a large runed translucent door.
  7689 | Bailey   | Noticed a deep elf pyromancer
  7720 | Bailey   | Killed a deep elf pyromancer
  8098 | D:7      | Found an ornate altar of the Wu Jian Council.
  8518 | D:8      | Reached skill level 1 in Invocations
  8547 | D:8      | Gained mutation: A meltable shield of frost defends you.
                  | (SH +4) [demonic ancestry]
  8547 | D:8      | Reached XP level 10. HP: 31/80 MP: 10/12
  8813 | D:9      | Found a shimmering altar of Xom.
  8994 | D:9      | Reached skill level 5 in Invocations
  9161 | D:9      | Found The Oracle's Delphic Readings.
  9165 | D:9      | Bought a scroll of identify for 24 gold pieces
  9437 | D:9      | Noticed Prince Ribbit
  9445 | D:9      | Killed Prince Ribbit
  9445 | D:9      | Reached ***** piety under Okawaru
  9578 | D:9      | Received a gift from Okawaru
  9580 | D:9      | Noticed a sixfirhy
  9582 | D:9      | Noticed a rust devil
  9585 | D:9      | Noticed a rust devil
  9588 | D:9      | Reached skill level 5 in Armour
  9602 | D:9      | HP: 4/80 [gnoll/+0 halberd[a gnoll sergeant] (2)]
  9835 | D:9      | Reached skill level 1 in Polearms
  9860 | D:9      | Noticed a rust devil
  9865 | D:9      | Received a gift from Okawaru
 10001 | D:10     | Entered Level 10 of the Dungeon
 10243 | D:10     | Noticed Fannar
 10277 | D:10     | Slain by an ice beast

Illustrated notes

Levels and vault maps discovered:
D:1:      dpeg_arrival_radiant, layout_basic
D:2:      layout_basic, serial_bayou, serial_bayou_pond_d, serial_bayou_pond_d,
          serial_bayou_pond_b, serial_bayou_pond_b, serial_bayou_pond_d,
          basic_altar
D:3:      layout_loops_ring, zin_treasury
D:4:      layout_loops_corners, mainiacjoe_overflow_alcove_1,
          minmay_temple_entry_slanted
D:5:      layout_loops_ring
D:6:      minmay_general_purpose_star, layout_loops_ring, serial_bayou_pond_a,
          corexii_corridor_pit, uniq_grinder
D:7:      layout_basic, nicolae_wu_jian_immortal_techniques,
          kennysheep_little_box, enter_bailey_3, serial_shops, shop
D:8:      layout_basic, mainiacjoe_overflow_six_doors_small
D:9:      layout_roguey [special_room_orc], xom_teletrap_fun,
          nicolae_elyvilon_peaceful_grove, serial_corexii_hall,
          corexii_hall_statues_x, chequers_hall_statues_wall_a,
          corexii_hall_statues_u, corexii_hall_statues_u,
          corexii_hall_statues_s, chequers_hall_statues_y,
          nicolae_nh_oracle_at_delphi, uniq_prince_ribbit1
D:10:     layout_irregular_city, trog_book, dreamdust_princess_corridor,
          uniq_fannar
Temple:   eino_narrow_crystal_temple

Skill      XL: |  1  2  3  4  5  6  7  8  9 10 |
---------------+-------------------------------+-----
Fighting       | 3 4 5 8 |  8.0
Dodging        | 3 4 |  4.0
Throwing       | 3 4 6 |  6.0
Short Blades   | 4 5 6 |  6.0
Armour         | 2 4 6 |  6.0
Evocations     | 6 |  6.0
Invocations    | 2 8 |  8.0
Polearms       | 4 |  4.0

Action                     |  1- 3 |  4- 6 |  7- 9 | 10-12 || total
---------------------------+-------+-------+-------+-------++-------
  Melee: Rapier            |   145 |   212 |   303 |       ||   660
         Punch             |     2 |     1 |     3 |       ||     6
         Glaive            |       |       |    82 |   150 ||   232
         Touch             |       |       |     8 |       ||     8
         Spear             |       |       |       |    98 ||    98
  Throw: Javelin           |       |     1 |     3 |     3 ||     7
         Dart              |       |     1 |     5 |       ||     6
         Boomerang         |       |       |    40 |       ||    40
         Throwing net      |       |       |     2 |       ||     2
  Evoke: Wand              |       |       |     7 |     5 ||    12
    Use: Scroll            |     6 |     2 |    12 |     5 ||    25
         Potion            |       |     4 |       |     2 ||     6
   Stab: Sleeping          |       |     1 |       |       ||     1
         Invisible         |       |     2 |     5 |       ||     7
         Held in net/web   |       |       |     1 |       ||     1
 Armour: Leather armour    |    65 |    71 |   138 |       ||   274
         Crystal plate arm |       |       |   215 |   316 ||   531
  Dodge: Dodged            |    85 |   117 |   302 |    50 ||   554
  Block: Other             |       |       |       |    53 ||    53
         Orb               |       |       |       |    20 ||    20

Table legend: (Time is in decaauts)
 A = Elapsed time spent in this place.
 B = Non-inter-level travel time spent in this place.
 C = Inter-level travel time spent in this place.
 D = Time resting spent in this place.
 E = Time spent auto-exploring this place.
 F = Levels seen in this place.
 G = Mean time per level.
                   A        B        C        D        E       F      G
               +--------+--------+--------+--------+--------+-----+--------+
         Total |  10485 |  10118 |    367 |   1260 |   6607 |  12 |  873.8 |
       Dungeon |   9701 |   9362 |    339 |   1003 |   6360 |  10 |  970.1 |
        Temple |    176 |    149 |     27 |      0 |    142 |   1 |  176.0 |
        Bailey |    607 |    607 |      0 |    257 |    105 |   1 |  607.0 |
               +--------+--------+--------+--------+--------+-----+--------+

Top non-repeatable levels by time:
     D:1: 1332 daAuts
     D:9: 1278 daAuts
     D:6: 1233 daAuts
     D:4: 1110 daAuts
     D:2: 1092 daAuts
     D:3: 1082 daAuts
     D:7: 992 daAuts
     D:5: 800 daAuts
  Bailey: 607 daAuts
     D:8: 507 daAuts
    D:10: 272 daAuts
  Temple: 176 daAuts
